 Dungeon Crawl Stone Soup version 0.23.0-3-gf3c87f2 (webtiles) character file.

Game seed: 3248092681856697023

62 Monsterracer the Ruffian (level 4, -5/34 (36) HPs)
             Began as a Ghoul Air Elementalist on Feb 24, 2019.
             Slain by a worker ant zombie (6 damage)
             ... on level 2 of the Dungeon.
             The game lasted 00:01:44 (1901 turns).

Monsterracer the Ruffian (Ghoul Air Elementalist)   Turns: 1901, Time: 00:01:44

HP:   -5/34 (36)    AC:  2    Str: 12    XL:     4   Next: 8%
MP:   5/5           EV: 12    Int: 10    God:
Gold: 52            SH:  0    Dex:  9    Spells: 5/6 levels left

rFire    . . .     SeeInvis .     - Unarmed
rCold    + . .     Gourm    .   (no shield)
rNeg     + + +     Faith    .   a - +0 robe
rPois    ∞         Spirit   .   (no helmet)
rElec    .         Reflect  .   (no cloak)
rCorr    .         Harm     +   (no gloves)
MR       .....                  (no boots)
Stlth    ++........             e - amulet of harm
HPRegen  0.00/turn              (no ring)
MPRegen  0.09/turn              (no ring)

@: rotting
A: rotting body, claws 1, carnivore, cold resistance 1, negative energy
resistance 3, inhibited regeneration, torment resistance, unbreathing
a: no special abilities


You were on level 2 of the Dungeon.
You were not hungry.

You visited 1 branch of the dungeon, and saw 2 of its levels.

You collected 52 gold pieces.


Innate Abilities, Weirdness & Mutations

Your body is rotting away.
You thrive on raw meat.
You are immune to poison.
You have sharp fingernails.
You are carnivorous and can eat meat at any time.
Your flesh is cold resistant. (rC+)
You are immune to negative energy. (rN+++)
You do not regenerate when monsters are visible.
You are immune to unholy pain and torment.
You can survive without breathing.


   Skills:
 + Level 2.0 Fighting
 - Level 1.7 Dodging
 - Level 2.1 Stealth
 * Level 3.1 Unarmed Combat
 - Level 1.7 Spellcasting
 - Level 0.7 Conjurations
 - Level 2.4 Air Magic


You had 5 spell levels left.
You knew the following spells:

 Your Spells              Type           Power        Failure   Level  Hunger
a - Shock                 Conj/Air       #...         17%         1    ##.....

Your spell library contained the following spells:

 Spells                   Type           Power        Failure   Level  Hunger
 Swiftness                Chrm/Air       #.......     30%         2    ###....
 Static Discharge         Conj/Air       #.......     45%         3    ####...
 Airstrike                Air            #.........   75%         4    #####..
 Lightning Bolt           Conj/Air       #.........   99%         5    ######.

Inventory:

Armour
 a - a +0 robe (worn)
Jewellery
 e - an amulet of harm (around neck)
   (You found it on level 1 of the Dungeon)
Scrolls
 d - 2 scrolls of amnesia {unknown}
 g - a scroll of remove curse {unknown}
Potions
 b - a potion of resistance {unknown}
 f - a potion of flight {unknown}
 h - a potion of mutation {unknown}
Comestibles
 c - 2 rations

Dungeon Overview and Level Annotations

Branches:
Dungeon (2/15)

Altars:

###################
#.............))..######
#######.....#.#.#####.........
#.............#.#####.........
#.####........#.#.............
#.####........#@#.####..######
#.............Z.....##..#
#.####....#...#.#.#.##..## #.#
#....#...#...........#
#.####....#.....#.#.##..#.#
##..................%.#..#.#
....####..##.##..#.......# #
##..# . #. #..#....#..# #..#
#......<......#


You could see a worker ant zombie.


Message History

You take 1 damage, and have 33/33 hp.
A goblin comes into view. It is wielding a +0 club.
The goblin shouts!
The hobgoblin hits you with a +0 club.
You take 4 damage, and have 29/33 hp.
You barely miss the hobgoblin. The hobgoblin hits you with a +0 club.
You take 1 damage, and have 28/33 hp.
You barely miss the goblin. The goblin hits you with a +0 club.
You take 7 damage, and have 21/33 hp.
MASSIVE DAMAGE!!
The goblin hits you with a +0 club.
You take 1 damage, and have 20/33 hp.
The hobgoblin barely misses you.
You see here 4 gold pieces.
You barely miss the goblin. The goblin closely misses you.
You scratch the goblin.
You kill the goblin!
Your Fighting skill increases to level 2!
The hobgoblin barely misses you.
Things that are here:
a +0 club; 4 gold pieces Unknown command.
You barely miss the hobgoblin. The hobgoblin hits you with a +0 club.
You take 1 damage, and have 19/33 hp.
You claw the hobgoblin!
You kill the hobgoblin!
Unknown command.
Things that are here:
a +0 club; a hobgoblin corpse There isn't anything here!
Things that are here:
a +0 club; a hobgoblin corpse You butcher the hobgoblin corpse.
i - a chunk of flesh
Things that are here:
a +0 club; a hobgoblin skeleton There isn't anything to butcher here.
You now have 52 gold pieces (gained 4).
You see here a +0 club.
There isn't anything to butcher here.
There isn't anything to butcher here.
Eat a chunk of flesh? (ye/n/q)
You eat the chunk of flesh.
You feel more resilient.
This raw flesh tastes great!
You regained 8 hp, and now have 28/34 hp.
d - 2 scrolls labeled FAKKOKL HAYP (gained 1)
Found a stone staircase leading up.
Health restored: 34 A leopard gecko and a zombie come into view.
There are monsters nearby!
There are monsters nearby!
Found an escape hatch in the ceiling.
The leopard gecko barely misses you. The worker ant zombie bites you.
You take 3 damage, and have 31/34 hp.
You miss the leopard gecko. The leopard gecko barely misses you.
The worker ant zombie bites you.
You take 6 damage, and have 25/34 hp.
You barely miss the leopard gecko.
The leopard gecko bites you but does no damage.
The worker ant zombie bites you. The leopard gecko bites you.
You take 6 damage, and have 19/34 hp.
The leopard gecko bites you.
* * * LOW HITPOINT WARNING * * *
You take 3 damage, and have 16/34 hp.
You scratch the leopard gecko.
You kill the leopard gecko!
Unknown command.
The worker ant zombie bites you.
* * * LOW HITPOINT WARNING * * *
You see here a leopard gecko corpse.
You scratch the worker ant zombie.
The worker ant zombie is lightly damaged.
The worker ant zombie barely misses you.
You take 1 damage, and have 15/34 hp.
You scratch the worker ant zombie.
The worker ant zombie is lightly damaged.
The worker ant zombie barely misses you.
Unknown command.
Unknown command.
You scratch the worker ant zombie.
The worker ant zombie is heavily damaged.
The worker ant zombie bites you.
* * * LOW HITPOINT WARNING * * *
You take 7 damage, and have 8/34 hp.
MASSIVE DAMAGE!!
You scratch the worker ant zombie.
The worker ant zombie is severely damaged.
The worker ant zombie bites you.
* * * LOW HITPOINT WARNING * * *
You take 4 damage, and have 4/34 hp.
You scratch the worker ant zombie.
The worker ant zombie is almost destroyed.
The worker ant zombie bites you.
* * * LOW HITPOINT WARNING * * *
You take 3 damage, and have 1/34 hp.
Okay, then.
Press: ? - help, v - describe, . - travel
Here: a worker ant zombie (almost destroyed)
The floor.
You see here a leopard gecko corpse.
You butcher the leopard gecko corpse.
The worker ant zombie bites you.
You die...

Skill      XL: |  1  2  3  4 |
---------------+-------------+-----
Unarmed Combat | 1 2 3 |  3.1
Fighting       | 1 2 |  2.0
Dodging        | |  1.7
Stealth        | |  2.1
Spellcasting   | |  1.7
Conjurations   | |  0.7
Air Magic      | |  2.4

Action                   |  1- 3 |  4- 6 || total
-------------------------+-------+-------++-------
Melee: Unarmed           |   153 |    14 ||   167
       Punch             |     1 |       ||     1
 Stab: Sleeping          |     2 |       ||     2
  Eat: Chunk             |    14 |     1 ||    15
Armor: Robe              |    31 |     1 ||    32
Dodge: Dodged            |    89 |     7 ||    96

Levels and vault maps discovered:
D:1:      minmay_arrival_four_circles, layout_basic
D:2:      layout_loops_ring, old_standard_altar,
          chequers_ecumenical_altar_twisty, serial_bayou_pond_b,
          bh_walls_and_bars

Notes
Turn   | Place    | Note
-------+----------+-------------------------------------------
     0 | D:1      | Monsterracer the Ghoul Air Elementalist began the quest for
                  | the Orb.
     0 | D:1      | Reached XP level 1. HP: 14/14 MP: 2/2
   182 | D:1      | Reached skill level 1 in Unarmed Combat
   290 | D:1      | HP: 7/15 [jackal (1)]
   291 | D:1      | Reached XP level 2. HP: 11/22 MP: 3/3
   324 | D:1      | Reached skill level 1 in Fighting
   388 | D:1      | HP: 4/23 [dart slug/slug dart (8)]
   545 | D:1      | Reached skill level 2 in Unarmed Combat
   843 | D:1      | HP: 11/23 [hobgoblin/+0 club (4)]
   848 | D:1      | Reached XP level 3. HP: 10/28 MP: 4/4
   850 | D:1      | HP: 7/28 [hobgoblin (3)]
   852 | D:1      | HP: 3/28 [hobgoblin (4)]
  1430 | D:2      | HP: 11/27 [kobold/+0 whip (3)]
  1452 | D:2      | HP: 14/29 [worm (6)]
  1685 | D:2      | Reached skill level 3 in Unarmed Combat
  1780 | D:2      | Reached XP level 4. HP: 34/34 MP: 5/5
  1880 | D:2      | HP: 16/34 [leopard gecko (3)]
  1886 | D:2      | HP: 8/34 [worker ant zombie (7)]
  1888 | D:2      | HP: 1/34 [worker ant zombie (3)]
  1901 | D:2      | Slain by a worker ant zombie

Vanquished Creatures
  2 adders (D:2)
  A worm (D:2)
  2 dart slugs (D:1)
  A leopard gecko (D:2)
  2 giant cockroaches (D:1 D:2)
  4 goblins (D:1 D:2)
  8 hobgoblins (D:1 D:2)
  3 jackals (D:1)
  2 ball pythons (D:1)
  3 bats (D:1 D:2)
  A frilled lizard (D:1)
  4 kobolds (D:1 D:2)
  2 rats (D:1 D:2)
35 creatures vanquished.

Table legend:
 A = Turns spent in this place as a percentage of turns spent in the entire game.
 B = Non-inter-level travel turns spent in this place as a percentage of non-inter-level travel turns spent in the entire game.
 C = Inter-level travel turns spent in this place as a percentage of turns spent in this place.
 D = Turns resting spent in this place as a percentage of non-inter-level travel turns spent in this place.
 E = Turns spent auto-exploring this place as a percentage of non-inter-level travel turns spent in this place.
 F = Non-inter-level travel turns spent in this place divided by the number of levels of this place that you've seen.
                   A       B       C       D       E      F
               +-------+-------+-------+-------+-------+----------------------
         Total | 100.0 | 100.0 |   0.9 |   2.6 |  78.9 | 941.5
       Dungeon | 100.0 | 100.0 |   0.9 |   2.6 |  78.9 | 941.5
               +-------+-------+-------+-------+-------+----------------------

Table legend:
 A = Non-vault XP
 B = Vault XP
 C = Vault XP percentage of total XP
 D = Non-vault monster count
 E = Vault monster count
 F = Vault count percentage of total count
                 A         B        C        D         E       F
            +---------+---------+-------+---------+---------+-------
      Total |      72 |      17 |  19.1 |      31 |       4 |  11.4
            +---------+---------+-------+---------+---------+-------
        D:1 |      39 |       0 |   0.0 |      21 |       0 |   0.0
        D:2 |      33 |      17 |  34.0 |      10 |       4 |  28.6
            +---------+---------+-------+---------+---------+-------
